 Dungeon Crawl Stone Soup version 0.29-a0-275-g389c0b56f3 (webtiles) character file.

Game seed: 11882616179007226183

281 Dabor the Skirmisher (level 6, -1/33 (48) HPs)
             Began as a Formicid Abyssal Knight on Mar 11, 2022.
             Was a Priest of Lugonu.
             Succumbed to a wight's poison
             ... on level 3 of the Dungeon.
             The game lasted 00:30:19 (5197 turns).

Dabor the Skirmisher (Formicid Abyssal Knight)      Turns: 5197, Time: 00:30:20

HP:   -1/33 (48)    AC: 10    Str: 20    XL:     6   Next: 53%
MP:   1/8           EV:  4    Int:  9    God:    Lugonu [***...]
Gold: 120           SH: 13    Dex: 11    Spells: 5/5 levels left

rFire   . . .      SeeInvis +   t - +2 hand axe (freeze)
rCold   . . .      Faith    .   h - +2 tower shield
rNeg    . . .      Spirit   +   v - +0 chain mail
rPois   .          Reflect  .   (helmet unavailable)
rElec   .          Harm     .   s - +0 cloak
rCorr   .          Rampage  .   (no gloves)
Will    .....                   (no boots)
Stlth   ..........              j - amulet of guardian spirit
HPRegen 0.11/turn               (no ring)
MPRegen 0.11/turn               (no ring)

@: lethally poisoned (-1 -> -7), very heavily drained
A: permanent stasis, dig shafts and tunnels, antennae 3, four strong arms,
mutation resistance 1
a: Dig, Shaft Self, Renounce Religion, Depart the Abyss, Bend Space, Banish


You were on level 3 of the Dungeon.
You worshipped Lugonu.
Lugonu was most pleased with you.
You visited 1 branch of the dungeon, and saw 6 of its levels.
You visited the Abyss 1 time.

You collected 120 gold pieces.

Inventory:

Hand Weapons
 a - a +1 spear
 t - a +2 hand axe of freezing (weapon)
Missiles
 c - 185 stones (quivered)
Armour
 h - a +2 tower shield (worn)
 s - a +0 cloak (worn)
 v - a +0 chain mail (worn)
Jewellery
 j - an amulet of guardian spirit (around neck)
Scrolls
 e - a scroll of noise {unknown}
 f - a scroll of summoning {unknown}
 g - a scroll of magic mapping {unknown}
 l - a scroll of fear
 n - a scroll of identify
 q - 2 scrolls of fog {unknown}
 u - a scroll of immolation {unknown}
Potions
 b - 2 potions of heal wounds {unknown}
 d - a potion of attraction {unknown}
 i - 2 potions of lignification {unknown}
 m - 2 potions of ambrosia {unknown}
 p - a potion of berserk rage {unknown}
 w - a potion of invisibility {unknown}


   Skills:
 + Level 3.8 Fighting
 * Level 3.3 Polearms
 + Level 1.6 Throwing
 + Level 3.0 Armour
 + Level 1.7 Dodging
 * Level 3.2 Stealth
 + Level 2.0 Shields
 + Level 3.2 Invocations


You had 5 spell levels left.
You didn't know any spells.
Your spell library was empty.

Dungeon Overview and Level Annotations

Branches:
Dungeon (6/15)
 Temple: D:4-7

Altars:
Zin

Portals:
Ossuary: D:6

Annotations:
D:4 3 runed translucent doors, GordonOverkill's ghost, amateur DEHu


Innate Abilities, Weirdness & Mutations

You cannot be hasted, slowed, berserked, paralysed or teleported.
You can dig through walls and to a lower floor.
You have a pair of large antennae on your head. (SInv)
Your four strong arms can wield two-handed weapons with a shield.
You are somewhat resistant to further mutation.


Message History

You block the wight's attack.
The wight hits you with a +4 hand axe of freezing.
You feel drained. The wight freezes you.
You closely miss the wight.
The wight is heavily damaged.
The wight hits you with a +4 hand axe of freezing.
You feel drained.
* * * LOW HITPOINT WARNING * * *
The wight freezes you.
* * * LOW HITPOINT WARNING * * *
You feel better. You block the wight's attack. Space bends around you!
You blink.
The wight throws a poisoned dart.
You block the poisoned dart.
The wight throws a poisoned dart.
The poisoned dart hits you!
You are poisoned.
You feel sick.
You feel sick.
You feel sick.
You feel sick.
You feel sick.
There is an escape hatch in the floor here.
You feel sick.
You feel sick.
You are no longer poisoned.
The wight throws a poisoned dart.
The poisoned dart hits you!
You are lethally poisoned!
* * * LOW HITPOINT WARNING * * *
You feel very sick.
* * * LOW HITPOINT WARNING * * *
You feel sick.
The wight throws a poisoned dart.
The poisoned dart barely misses you.
You feel better.
The wight throws a poisoned dart.
You block the poisoned dart. Space bends around you!
You blink.
The wight throws a poisoned dart.
You block the poisoned dart. Space bends around you!
You blink.
Space bends around you!
You blink.
The wight throws a poisoned dart.
The poisoned dart hits you!
You are lethally poisoned!
Space bends around you!
You blink.
You die...

#.# #########.###..# #.#
#######'####### #.# #####
#.............# #.#
#...#####.............#
####.#####.#.....#.............#
.......[[....#####...#######..[#
#.############ #...# #...# #.#
###...# #...## #.# #@'...#
#...'. #.# ##.#...# #...#. #.#
#..#...# #...#. #.#
#.##...#######[..#. #.#
#§##.............#. #.#
#.##.............#. #.#
#§##.............## #.#
#.########'######## #.# #z#
#...# #


There were no monsters in sight!

Vanquished Creatures
  A scorpion (D:4)
  2 wights
  4 adders
  An ufetubus (D:4)
  A worm (D:2)
  A dart slug (D:2)
  5 orcs (D:3)
  8 endoplasms
  2 giant cockroaches
  4 goblins
  7 hobgoblins
  5 jackals
  3 quokkas
  4 ball pythons
  7 bats
  A frilled lizard (D:1)
  4 kobolds
  4 rats
64 creatures vanquished.

Notes
Turn   | Place    | Note
-------+----------+-------------------------------------------
     0 | Abyss:1  | Dabor the Formicid Abyssal Knight began the quest for the
                  | Orb.
     0 | Abyss:1  | Reached XP level 1. HP: 18/18 MP: 2/2
    27 | Abyss:1  | Noticed an ancient zyme
    28 | D:1      | Escaped the Abyss
   270 | D:1      | Gained mutation: Your flesh is cold resistant. (rC+)
                  | [potion of mutation]
   270 | D:1      | Gained mutation: Your body sometimes deteriorates upon
                  | taking damage. [potion of mutation]
   276 | D:1      | Reached skill level 1 in Dodging
   276 | D:1      | Reached XP level 2. HP: 1/24 MP: 1/3
   556 | D:1      | Lost mutation: Your body sometimes deteriorates upon taking
                  | damage. [potion of mutation]
   556 | D:1      | Lost mutation: Your flesh is cold resistant. (rC+) [potion
                  | of mutation]
   556 | D:1      | Gained mutation: You are somewhat resistant to further
                  | mutation. [potion of mutation]
   857 | D:1      | Reached skill level 1 in Stealth
  1116 | D:1      | Reached XP level 3. HP: 29/29 MP: 4/4
  1987 | D:2      | Reached skill level 1 in Shields
  2014 | D:2      | Reached XP level 4. HP: 20/27 MP: 3/5
  2798 | D:3      | Reached skill level 1 in Throwing
  2871 | D:3      | Reached *** piety under Lugonu
  2891 | D:3      | Found a faded altar of an unknown god.
  3299 | D:3      | You fall into a shaft and drop 3 floors!
  3299 | D:6      | Noticed an ogre
  3311 | D:6      | Found a sand-covered staircase.
  3313 | D:5      | Entered Level 5 of the Dungeon
  3341 | D:4      | Reached XP level 5. HP: 38/39 MP: 7/7
  3699 | D:4      | Noticed GordonOverkill's ghost (amateur DEHu)
  3699 | D:4      | Found a runed translucent gate.
  3699 | D:4      | Found a runed translucent gate.
  3699 | D:4      | Found a runed translucent gate.
  3704 | D:4      | Identified the +8 short sword "Amiezotz" {drain, *Rage rF+
                  | rCorr Dex+4}
  3704 | D:4      | Identified the +1 chain mail "Xidupn" {Stlth+}
  4028 | D:4      | Found a glowing silver altar of Zin.
  4112 | D:4      | Reached XP level 6. HP: 36/47 MP: 4/8
  4925 | D:3      | HP: 1/39 [poisoned by a wight]
  5197 | D:3      | Succumbed to a wight's poison

Illustrated notes

Levels and vault maps discovered:
D:1:      shiori_arrival_oz, layout_basic, nicolae_figureground_pulse
D:2:      layout_basic, st_stairs_13
D:3:      layout_loops_ring, hellmonk_ecumenical_altar_leap_of_faith,
          kennysheep_path_1
D:4:      layout_cave_pools, zin_academy, biasface_ghost_orc_armoury
D:5:      old_forge, layout_rooms, minmay_overflow_temple_star_quad,
          dreamdust_mushroom_princess
D:6:      layout_rooms, kennysheep_mini, minitemple,
          minmay_temple_entry_statues_fountains,
          lightli_ossuary_entry_decrepit_ruins, uniq_grinder

Skill      XL: |  1  2  3  4  5  6 |
---------------+-------------------+-----
Dodging        | 1 |  1.7
Stealth        | 1 2 3 |  3.2
Shields        | 1 2 |  2.0
Throwing       | 1 |  1.6
Polearms       | 3 |  3.3
Invocations    | 3 |  3.2
Armour         | 3 |  3.0
Fighting       | |  3.8

Action                   |  1- 3 |  4- 6 || total
-------------------------+-------+-------++-------
Melee: Spear             |    85 |       ||    85
       Hand axe          |    13 |   119 ||   132
Throw: Stone             |    20 |     3 ||    23
Invok: Bend Space        |     3 |    18 ||    21
       Depart the Abyss  |     1 |       ||     1
 Abil: Dig               |     6 |     3 ||     9
  Use: Potion            |     2 |     4 ||     6
       Scroll            |       |     7 ||     7
 Stab: Sleeping          |     1 |     1 ||     2
       Distracted        |     1 |       ||     1
Armor: Leather armour    |    16 |       ||    16
       Ring mail         |     2 |     5 ||     7
       Chain mail        |       |    30 ||    30
Dodge: Dodged            |    40 |    24 ||    64
Block: Tower shield      |    25 |   106 ||   131

Table legend: (Time is in decaauts)
 A = Elapsed time spent in this place.
 B = Non-inter-level travel time spent in this place.
 C = Inter-level travel time spent in this place.
 D = Time resting spent in this place.
 E = Time spent auto-exploring this place.
 F = Levels seen in this place.
 G = Mean time per level.
                   A        B        C        D        E       F      G
               +--------+--------+--------+--------+--------+-----+--------+
         Total |   5286 |   5149 |    137 |      0 |   3532 |   7 |  755.1 |
       Dungeon |   5259 |   5122 |    137 |      0 |   3532 |   6 |  876.5 |
         Abyss |     26 |     26 |      0 |      0 |      0 |   1 |   26.0 |
               +--------+--------+--------+--------+--------+-----+--------+

Top non-repeatable levels by time:
     D:1: 1836 daAuts
     D:2: 1473 daAuts
     D:3: 1354 daAuts
     D:4: 576 daAuts
 Abyss:1: 26 daAuts
     D:6: 13 daAuts
     D:5: 4 daAuts
